 Dungeon Crawl Stone Soup version 0.25-b1-29-g4cfa5c7 (webtiles) character file.

Game seed: 11854810744533135901, levelgen mode: deterministic

206 Buxparty the Poker (level 5, -8/41 HPs)
             Began as a Demonspawn Gladiator on June 5, 2020.
             Splashed by a jelly's acid (11 damage)
             ... on level 3 of the Dungeon.
             The game lasted 00:05:30 (3474 turns).

Buxparty the Poker (Demonspawn Gladiator)           Turns: 3474, Time: 00:05:32

Health: -8/41      AC:  4    Str: 16    XL:     5   Next: 53%
Magic:  5/5        EV: 13    Int:  9    God:
Gold:   118        SH:  0    Dex: 14    Spells: 4/4 levels left

rFire    . . .     SeeInvis +   a - +0 trident
rCold    . . .     Gourm    .   (no shield)
rNeg     . . .     Faith    .   b - +0 leather armour
rPois    .         Spirit   .   c - +0 helmet
rElec    .         Reflect  .   (no cloak)
rCorr    .         Harm     .   (no gloves)
MR       .....                  (no boots)
Stlth    ++........             (no amulet)
HPRegen  0.13/turn              i - ring of see invisible
MPRegen  0.09/turn              (no ring)

@: no status effects
A: foul stench 1, nightstalker 1, rot immunity
a: no special abilities


You were on level 3 of the Dungeon.
You were not hungry.

You visited 1 branch of the dungeon, and saw 3 of its levels.

You collected 118 gold pieces.

Inventory:

Hand Weapons
 a - a +0 trident (weapon)
Missiles
 d - 3 throwing nets (quivered)
Armour
 b - a +0 leather armour (worn)
 c - a +0 helmet (worn)
Jewellery
 i - a ring of see invisible (left hand)
 j - an uncursed amulet of guardian spirit {unknown}
Scrolls
 e - a scroll of fear
 h - 2 scrolls of identify {unknown}
 l - a scroll of remove curse {unknown}
 m - a scroll of amnesia {unknown}
Potions
 g - 2 potions of curing {unknown}
 k - a potion of cancellation {unknown}
Comestibles
 f - 3 rations


   Skills:
 + Level 3.6 Fighting
 + Level 4.0 Polearms
 - Level 1.7 Throwing
 + Level 4.0 Dodging


You had 4 spell levels left.
You didn't know any spells.
Your spell library was empty.

Dungeon Overview and Level Annotations

Branches:
Dungeon (3/15)

Altars:


Innate Abilities, Weirdness & Mutations

You may emit foul miasma when damaged in melee.
You are slightly more attuned to the shadows.
You are immune to rotting.


Message History

You hit the jelly.
Your hands burn!
The jelly is moderately wounded.
The jelly hits you.
You are splashed with acid!
You hit the jelly but do no damage.
Your hands burn!
The jelly is moderately wounded.
The jelly closely misses you.
You hit the jelly.
Your hands burn!
The jelly is severely wounded.
The jelly closely misses you. The jelly hits you.
You are splashed with acid!
* * * LOW HITPOINT WARNING * * *
You are too injured to fight recklessly!
You are too injured to fight recklessly!
You are too injured to fight recklessly!
You hit the jelly.
Your hands burn!
* * * LOW HITPOINT WARNING * * *
The jelly is severely wounded.
The jelly hits you.
* * * LOW HITPOINT WARNING * * *
You are splashed with acid!
You die...

#.# .[ #.# .# #.#
##.# #.# #..#####
####.# ###.##...
.....# #...##.###
###### ###........#
#########..........#
................@..#
######....#+##+##J##
#.#..# ##.#...
#...## ##+#####
##.## #.# ... ##.#
#.


You could see a jelly.

Vanquished Creatures
  A centaur skeleton (D:2)
  Terence (D:1)
  Natasha (D:2)
  4 gnolls (D:2)
  4 adders (D:2)
  An ooze (D:1)
  2 leopard geckos (D:2)
  5 giant cockroaches
  6 goblins
  4 hobgoblins
  3 jackals (D:1)
  2 ball pythons (D:2)
  8 bats
  A frilled lizard (D:2)
  5 kobolds
  6 rats
54 creatures vanquished.

Notes
Turn   | Place    | Note
-------+----------+-------------------------------------------
     0 | D:1      | Buxparty the Demonspawn Gladiator began the quest for the
                  | Orb.
     0 | D:1      | Reached XP level 1. HP: 16/16 MP: 1/1
   254 | D:1      | Gained mutation: You are immune to rotting. [demonic
                  | ancestry]
   254 | D:1      | Reached XP level 2. HP: 22/22 MP: 2/2
  1303 | D:2      | Noticed Terence
  1332 | D:1      | Killed Terence
  1332 | D:1      | Reached XP level 3. HP: 3/28 MP: 3/3
  2026 | D:2      | Gained mutation: You are slightly more attuned to the
                  | shadows. [demonic ancestry]
  2026 | D:2      | Reached XP level 4. HP: 34/34 MP: 4/4
  2602 | D:2      | Gained mutation: You may emit foul miasma when damaged in
                  | melee. [demonic ancestry]
  2602 | D:2      | Reached XP level 5. HP: 39/41 MP: 5/5
  3034 | D:2      | Noticed Natasha
  3043 | D:2      | Killed Natasha
  3474 | D:3      | Splashed by a jelly's acid

Illustrated notes

Levels and vault maps discovered:
D:1:      moated_graveyard_arrival, layout_basic
D:2:      layout_loops_corners, minmay_pentomino_o4, uniq_natasha, uniq_terence
D:3:      layout_loops_ring, dk_xom_monty_hall

Skill      XL: |  1  2  3  4  5 |
---------------+----------------+-----
Polearms       | 3 4 |  4.0
Dodging        | 3 4 |  4.0
Fighting       | 3 |  3.6
Throwing       | |  1.7

Action                   |  1- 3 |  4- 6 || total
-------------------------+-------+-------++-------
Melee: Trident           |   131 |   107 ||   238
  Use: Scroll            |     4 |       ||     4
       Potion            |       |     2 ||     2
 Stab: Sleeping          |       |     4 ||     4
  Eat: Chunk             |     4 |     4 ||     8
Armor: Leather armour    |    29 |    11 ||    40
       Skin              |       |    10 ||    10
Dodge: Dodged            |   102 |    57 ||   159
